Workbook
Name Clase: Anexo!$AE$10:$AE$11

Sheet Anexo
A1: MATRIZ DE RIESGOS EN CONTRATACIÓN -JBB
A2: No. | B2: Clase | C2: Fuente | D2: Etapa | E2: Tipo | F2: Tipificación | G2: Descripción (que puede pasar y, como puede ocurrir) | H2: Consecuencia de la Ocurrencia del Evento | I2: Probabilidad | K2: Impacto | M2: Valoracion del Riesgo | O2: Categoria | P2: ¿A quien se le asigna? | Q2: Tratamiento / Controles a ser implementados | R2: Impacto Despúes del Tratamiento | Y2: ¿Afecta la ejecucion del contrato? | Z2: Persona responsable por implementar el tratamiento | AA2: Fecha estimada en que se ejecuta el tratamiento | AB2: Monitoreo y Revisión | AE2: Clase | AF2: Fuente | AG2: Etapa | AH2: Tipo | AI2: Probabilidad | AJ2: Impacto | AK2: Valoración | AL2: ¿Afecta la ejecucion del contrato?
R3: Probabilidad | T3: Impacto | V3: Valoracion del Riesgo | X3: Categoria | AB3: ¿Cómo se realiza el monitoreo? | AC3: Periocidad ¿Cuándo?
A4: 1 | B4: General | C4: Externo | D4: Selección | E4: Riesgos Operacionales | F4: Atraso en el inicio del contrato | G4: El contratista no se encuentra disponible para dar inicio al contrato. | H4: Retraso en el Proyecto al cual el contratista se encuentra vinculado | I4: Posible | J4: =VLOOKUP(I:I,[1]Probabilidad!$1:$1048576,2,0) -> 3 | K4: Insignificante | L4: =VLOOKUP(M:M,'[2]Valor Riesgo'!$1:$1048576,2,0) -> #N/A | M4: Riesgo Bajo | N4: 3 | O4: Riesgo Bajo | P4: Contratista | Q4: Realizar el proceso de verificacion de la disponibilidad del contratista previo al inicio del contrato | R4: Raro | S4: =VLOOKUP(R:R,[1]Probabilidad!$1:$1048576,2,0) -> 1 | T4: Insignificante | U4: =VLOOKUP(V:V,'[2]Valor Riesgo'!$1:$1048576,2,0) -> #N/A | V4: Riesgo Bajo | W4: 2 | X4: Riesgo Bajo | Y4: Si | Z4: JBB - Contratista | AA4: Una vez finalice el riesgo | AB4: Verificación de las condiciones politicas y/o sociales | AC4: Diario
A5: 2 | B5: Especifico | C5: Externo | D5: Ejecución | E5: Riesgos Operacionales | F5: Riesgos Financieros | G5: Mayor costo por remuneración al personal | H5: Número de personal es menor al propuesto por el oferente para cumplir con sus obligaciones contractuales y mayor permanencia del personal en el proyecto al inicialmente previsto. | I5: Improbable | J5: =VLOOKUP(I:I,[1]Probabilidad!$1:$1048576,2,0) -> 2 | K5: Moderado | L5: =VLOOKUP(K:K,Impacto!$1:$1048576,2,0) -> 3 | M5: =VLOOKUP(N:N,'Valor Riesgo'!$1:$1048576,2,0) -> Riesgo Medio | N5: =+J5+L5 -> 5 | O5: =M5 -> Riesgo Medio | P5: Contratista | Q5: Reducir las consecuencias a través de planes de contingencia | R5: Posible | S5: =VLOOKUP(R:R,[1]Probabilidad!$1:$1048576,2,0) -> 3 | T5: Menor | U5: =VLOOKUP(T:T,Impacto!$1:$1048576,2,0) -> 2 | V5: =VLOOKUP(W:W,'Valor Riesgo'!$1:$1048576,2,0) -> Riesgo Medio | W5: =+S5+U5 -> 5 | X5: =V5 -> Riesgo Medio | Y5: Si | Z5: Supervisor del contrato. | AA5: Una vez finalice el riesgo | AB5: Informes tecnicos del Supervisor del Contrato. Comites de seguimiento | AC5: Semanal | AE5: General | AF5: Interno | AG5: Planeación | AH5: Riesgos Económicos. | AI5: Raro | AJ5: Insignificante | AK5: 1 | AL5: SI
A6: 3 | B6: General | C6: Externo | D6: Selección | E6: Riesgos Operacionales | F6: Atraso en el inicio del contrato | G6: Que el proceso se declare desierto | H6: No se podria satisfacer la necesidad de la Entidad en los tiempos establecidos | I6: Improbable | K6: Mayor | M6: Riesgo Alto | N6: 7 | O6: Riesgo Alto | P6: Jardin Botánico | Q6: Hacer una revisión minuciosa de las observaciones y las causas de porque podría declararse desierto y si es el caso ajustar los pliegos de condiciones. | R6: Raro | T6: Mayor | V6: Riesgo Medio | W6: 5 | X6: Riesgo Medio | Y6: Si | Z6: Supervisor del contrato. | AA6: Una vez finalizado el proceso contractual | AB6: Seguimiento a las observaciones durante la presentacion de propuestas | AC6: Diario
A7: 4 | B7: Especifico | C7: Externo | D7: Ejecución | E7: Riesgos Operacionales | F7: Atrasos en la ejecución de los entregables objeto de la consultoría | G7: No recibir los informes solicitados al contratista, con las especificaciones exigidas en el plazo previsto | H7: Incumplimiento contractual | I7: Improbable | K7: Mayor | M7: Riesgo Alto | N7: 7 | O7: Riesgo Alto | P7: Supervisor del contrato | Q7: Seguimiento del contratista a travès del supervisor designado | R7: Raro | T7: Moderado | V7: Riesgo Medio | W7: 5 | X7: Riesgo Bajo | Y7: Si | Z7: Supervisor del contrato. | AA7: Una vez finalizado el contrato | AB7: Realizando seguimiento de las obligaciones establecidas en el contrato | AC7: Semanal
A8: 5 | B8: Especifico | C8: Externo | D8: Ejecución | E8: Riesgos Operacionales | F8: Atraso en la autorización de inicio y de recibo de entregables | G8: Equipo de trabajo presentado por el contratista no corresponde a la necesidad del proyecto. | H8: Carencia de Estandares de Calidad del Objeto, Bien o Servicios | I8: Raro | K8: Menor | M8: Riesgo Bajo | N8: 3 | O8: Riesgo Bajo | P8: Supervisor del contrato | Q8: Verificación del Equipo ofrecido por parte del Contratista | R8: Raro | T8: Insignificante | V8: Riesgo Bajo | W8: 2 | X8: Riesgo Bajo | Y8: Si | Z8: Supervisor del contrato. | AA8: Una vez finalizado el contrato | AB8: Realizando seguimiento de las obligaciones establecidas en el contrato | AC8: Semanal
A9: 6 | B9: Especifico | C9: Interno | D9: Ejecución | E9: Riesgos Operacionales | F9: Interferencia en la operación de la Entidad | G9: El contratista debe realizar acciones que interfieren con el funcionamiento interno del Jardín | H9: Genera retraso en la ejecución de los trabajos y/o afectacion al funcionamiento interno de la Entidad | I9: Posible | K9: Mayor | M9: Riesgo Alto | N9: 7 | O9: Riesgo Alto | P9: Contratista / Supervisor del contrato | Q9: Cronograma y politicas de coordinacion y socializacion de actividades con secretaría General | R9: Raro | T9: Insignificante | V9: Riesgo Bajo | W9: 2 | X9: Riesgo Bajo | Y9: NO | Z9: Supervisor del contrato | AA9: Hasta la culminación de la consultoria | AB9: Programando las actividades a realizar y coordinando con las áreas que se puedan ver afectadas. | AC9: Semanal
A10: 7 | B10: Especifico | C10: Externo | D10: Ejecución | E10: Riesgos Operacionales | F10: Errores en la ejecución del objeto del contrato por la interpretación, modificación y ajustes de los diseños, planos o estudios realizados por otro consultor | G10: Ocurre cuando se modifican o se ajustan sin autorización los planos realizados por otro consultor | H10: Aumento de costos operacionales y retraso en la entrega del proyecto a la Entidad | I10: Posible | J10: =VLOOKUP(I:I,[1]Probabilidad!$1:$1048576,2,0) -> 3 | K10: Mayor | L10: =VLOOKUP(K:K,Impacto!$1:$1048576,2,0) -> 4 | M10: =VLOOKUP(N:N,'Valor Riesgo'!$1:$1048576,2,0) -> Riesgo Alto | N10: =+J10+L10 -> 7 | O10: =M10 -> Riesgo Alto | P10: Contratista | Q10: Revisar con el supervisor y el área técnica del JBB, los diseños y todas las posibles modificaciones que se van a realizar . De igual manera consultar si se tienen dudas sobre la interpretación de los planos | R10: Posible | S10: =VLOOKUP(R:R,[1]Probabilidad!$1:$1048576,2,0) -> 3 | T10: Moderado | U10: =VLOOKUP(T:T,Impacto!$1:$1048576,2,0) -> 3 | V10: =VLOOKUP(W:W,'Valor Riesgo'!$1:$1048576,2,0) -> Riesgo Alto | W10: =+S10+U10 -> 6 | X10: =V10 -> Riesgo Alto | Y10: No | Z10: Contratista / Supervisor | AA10: Una vez finalizado el contrato | AB10: Verificación del Equipo de acuerdo a la actividad a desarrollar | AC10: Semanal | AE10: General | AF10: Interno | AG10: Planeación | AH10: Riesgos Económicos. | AI10: Raro | AJ10: Insignificante | AK10: 1 | AL10: SI
A11: 8 | B11: General | C11: Externo | D11: Ejecución | E11: Riesgos Operacionales | F11: Atrasos en la ejecución de los entregables objeto de la consultoría | G11: Ocurre por la falta de gestión y propuestas del consultor para solucionar impases de carácter técnico o arquitectónico | H11: Retrasos en los entregables objeto de la interventoría | I11: Posible | J11: =VLOOKUP(I:I,[1]Probabilidad!$1:$1048576,2,0) -> 3 | K11: Mayor | L11: =VLOOKUP(K:K,Impacto!$1:$1048576,2,0) -> 4 | M11: =VLOOKUP(N:N,'Valor Riesgo'!$1:$1048576,2,0) -> Riesgo Alto | N11: =+J11+L11 -> 7 | O11: =M11 -> Riesgo Alto | P11: Contratista | Q11: Gestionar con eficacia y rapidez todas las inquietudes de orden técnico o arquitectónico que pueda tener el contratista ejecutor objeto de la consultoría | R11: Posible | S11: =VLOOKUP(R:R,[1]Probabilidad!$1:$1048576,2,0) -> 3 | T11: Menor | U11: =VLOOKUP(T:T,Impacto!$1:$1048576,2,0) -> 2 | V11: =VLOOKUP(W:W,'Valor Riesgo'!$1:$1048576,2,0) -> Riesgo Medio | W11: =+S11+U11 -> 5 | X11: =V11 -> Riesgo Medio | Y11: Si | Z11: Supervisor | AA11: Desde el inicio del proyecto hasta su culminación | AB11: Reuniones permanentes donde se socialicen las inquietudes y tratar de darles solución rápida y efectiva | AC11: Semanal | AE11: Especifico | AF11: Externo | AG11: Selección | AH11: Riesgos Sociales o Políticos. | AI11: Improbable | AJ11: Menor | AK11: 2 | AL11: NO
A12: 9 | B12: General | C12: Externo | D12: Ejecución | E12: Riesgos Operacionales | F12: Atrasos en la ejecución por insuficiencia de los recursos logísticos | G12: Son los atrasos en la ejecución de las labores del contratista consultor por falta de recursos logísticos | H12: Aumento en los costos operacionales y retraso en la entrega del proyecto | I12: Probable | J12: =VLOOKUP(I:I,[1]Probabilidad!$1:$1048576,2,0) -> 4 | K12: Moderado | L12: =VLOOKUP(K:K,Impacto!$1:$1048576,2,0) -> 3 | M12: =VLOOKUP(N:N,'Valor Riesgo'!$1:$1048576,2,0) -> Riesgo Alto | N12: =+J12+L12 -> 7 | O12: =M12 -> Riesgo Alto | P12: Contratista | Q12: Planeación adecuada durante la ejecución del contrato de los recursos con los que debe contar para un desarrollo eficaz del proyecto | R12: Raro | S12: =VLOOKUP(R:R,[1]Probabilidad!$1:$1048576,2,0) -> 1 | T12: Menor | U12: =VLOOKUP(T:T,Impacto!$1:$1048576,2,0) -> 2 | V12: =VLOOKUP(W:W,'Valor Riesgo'!$1:$1048576,2,0) -> Riesgo Bajo | W12: =+S12+U12 -> 3 | X12: =V12 -> Riesgo Bajo | Y12: SI | Z12: Supervisor / contratista | AA12: Desde el inicio del proyecto hasta su culminación | AB12: Comités de obra donde se expongan todas las dudas y a través de los cuales se pueda dar una respuesta efectiva y rápida | AC12: Semanal | AG12: Contratación | AH12: Riesgos Operacionales | AI12: Posible | AJ12: Moderado | AK12: 3
A13: 10 | B13: General | C13: Externo | D13: Ejecución | E13: Riesgos Finncieros | F13: Riesgos Financieros | G13: Se deriva de los efectos provenientes de las variaciones de las tasas de interés, de cambio, devaluación real y otras variables del mercado, frente a las estimaciones iniciales del contratista consultor que puedan afectar las utilidades esperadas o generar perdidas | H13: Disminución de la utilidad del contratista | I13: Raro | J13: =VLOOKUP(I:I,[1]Probabilidad!$1:$1048576,2,0) -> 1 | K13: Menor | L13: =VLOOKUP(K:K,Impacto!$1:$1048576,2,0) -> 2 | M13: =VLOOKUP(N:N,'Valor Riesgo'!$1:$1048576,2,0) -> Riesgo Bajo | N13: =+J13+L13 -> 3 | O13: =M13 -> Riesgo Bajo | P13: Contratista | Q13: Realizar proyecciones de acuerdo con los datos históricos de las variables descritas, con el fin de que el interesado establezca un punto de equilibrio tendiente a disminuir el riesgo | R13: Raro | S13: =VLOOKUP(R:R,[1]Probabilidad!$1:$1048576,2,0) -> 1 | T13: Insignificante | U13: =VLOOKUP(T:T,Impacto!$1:$1048576,2,0) -> 1 | V13: =VLOOKUP(W:W,'Valor Riesgo'!$1:$1048576,2,0) -> Riesgo Bajo | W13: =+S13+U13 -> 2 | X13: =V13 -> Riesgo Bajo | Y13: NO | Z13: Contratista | AA13: Desde la presentación de la propuesta hasta la terminación del contrato | AB13: Estudio de las variables financieras que haya utilizado para el análisis de su oferta con el fin de prevenir los cambio bruscos en sus finanzas que puedan afectar el contrato | AC13: Mensual | AG13: Ejecución | AH13: Riesgos Finncieros | AI13: Probable | AJ13: Mayor | AK13: 4
A14: 11 | B14: General | C14: Interno | D14: Ejecución | E14: Riesgos Operacionales | F14: Accidentes de trabajo del personal del consultor | G14: Ocurre cuando un integrante del equipo del consultor sufre algún tipo de lesión o daño a su integridad física, mental o moral, en ocasión del desempeño propio de las labores de consultoría | H14: Genera atrasos en el desarrollo de las actividades | I14: Posible | J14: =VLOOKUP(I:I,Probabilidad!$1:$1048576,2,0) -> 3 | K14: Menor | L14: =VLOOKUP(K:K,Impacto!$1:$1048576,2,0) -> 2 | M14: =VLOOKUP(N:N,'Valor Riesgo'!$1:$1048576,2,0) -> Riesgo Medio | N14: =+J14+L14 -> 5 | O14: =M14 -> Riesgo Medio | P14: Contratista | Q14: Hacer cumplir las políticas de seguridad ocupacional y seguridad industrial | R14: Improbable | S14: =VLOOKUP(R:R,Probabilidad!$1:$1048576,2,0) -> 2 | T14: Menor | U14: =VLOOKUP(T:T,Impacto!$1:$1048576,2,0) -> 2 | V14: =VLOOKUP(W:W,'Valor Riesgo'!$1:$1048576,2,0) -> Riesgo Bajo | W14: =+S14+U14 -> 4 | X14: =V14 -> Riesgo Bajo | Y14: no | Z14: Supervisor | AA14: Desde el inicio del proyecto hasta su culminación | AB14: Cumplimiento de las políticas de salud ocupacional y seguridad industrial | AC14: Semanal | AH14: Riesgos de la Naturaleza
A15: 12 | B15: General | C15: Externo | D15: Ejecución | E15: Riesgos Operacionales | F15: Falta de idoneidad del personal de consultoría | G15: Ocurre cuando cualquier integrante del equipo de consultoría no desempeña sus funciones poniendo en riesgo la estabilidad y oportuna entrega de los productos finales. | H15: Riesgo en la calidad de los entregables, retrasando el inicio de los diseños | I15: Improbable | J15: =VLOOKUP(I:I,Probabilidad!$1:$1048576,2,0) -> 2 | K15: Moderado | L15: =VLOOKUP(K:K,Impacto!$1:$1048576,2,0) -> 3 | M15: =VLOOKUP(N:N,'Valor Riesgo'!$1:$1048576,2,0) -> Riesgo Medio | N15: =+J15+L15 -> 5 | O15: =M15 -> Riesgo Medio | P15: Contratista | Q15: Tener la certeza de que el personal de la consultoría cuente con la experiencia especifica en las actividades de diseños técnicos y arquitectónicos | R15: Improbable | S15: =VLOOKUP(R:R,Probabilidad!$1:$1048576,2,0) -> 2 | T15: Menor | U15: =VLOOKUP(T:T,Impacto!$1:$1048576,2,0) -> 2 | V15: =VLOOKUP(W:W,'Valor Riesgo'!$1:$1048576,2,0) -> Riesgo Bajo | W15: =+S15+U15 -> 4 | X15: =V15 -> Riesgo Bajo | Y15: NO | Z15: Supervisor | AA15: Desde el inicio del proyecto hasta su culminación | AB15: Tener la certeza de que el personal de la consultoría cuente con la experiencia especifica en las actividades de diseño | AC15: Semanal | AH15: Riesgos de la Naturaleza
A16: 13 | B16: General | C16: Externo | D16: Ejecución | E16: Riesgos Regulatorios | F16: Expedición y modificación de normas | G16: Ocurre por cambios normativos o por la expedición de normas posteriores a la celebración del contrato que afecte las condiciones económicas y técnicas inicialmente pactadas. | H16: Afectación del valor del contrato y retraso en la ejecución de los trabajos | I16: Improbable | J16: =VLOOKUP(I:I,Probabilidad!$1:$1048576,2,0) -> 2 | K16: Mayor | L16: =VLOOKUP(K:K,Impacto!$1:$1048576,2,0) -> 4 | M16: =VLOOKUP(N:N,'Valor Riesgo'!$1:$1048576,2,0) -> Riesgo Alto | N16: =+J16+L16 -> 6 | O16: =M16 -> Riesgo Alto | P16: JBB | Q16: Producción del contrato con las normas aplicables al momento de su suscripción, revisar los cambios sustanciales que afecten el equilibrio económico del contrato con el fin de realizar los ajustes pertinentes tanto para el contratista como para la Entidad | R16: Improbable | S16: =VLOOKUP(R:R,Probabilidad!$1:$1048576,2,0) -> 2 | T16: Menor | U16: =VLOOKUP(T:T,Impacto!$1:$1048576,2,0) -> 2 | V16: =VLOOKUP(W:W,'Valor Riesgo'!$1:$1048576,2,0) -> Riesgo Bajo | W16: =+S16+U16 -> 4 | X16: =V16 -> Riesgo Bajo | Y16: NO | Z16: JBB | AA16: Desde el inicio del proyecto hasta su culminación | AB16: Actualización permanente de las normas contractuales, tributarias, ambientales y demás | AC16: Semanal | AH16: Riesgos de la Naturaleza
A17: 14 | B17: General | C17: Interno | D17: Ejecución | E17: Riesgos Operacionales | F17: Incumplimiento de obligaciones laborales | G17: Ocurre cuando no se cumplen oportunamente las disposiciones laborales vigentes relacionadas con el personal vinculado a la consultoría | H17: Genera retraso en la ejecución de los entregables | I17: Posible | J17: =VLOOKUP(I:I,Probabilidad!$1:$1048576,2,0) -> 3 | K17: Moderado | L17: =VLOOKUP(K:K,Impacto!$1:$1048576,2,0) -> 3 | M17: =VLOOKUP(N:N,'Valor Riesgo'!$1:$1048576,2,0) -> Riesgo Alto | N17: =+J17+L17 -> 6 | O17: =M17 -> Riesgo Alto | P17: Contratista | Q17: Políticas de control en lo relacionado con el cumplimiento de las obligaciones laborales con los trabajadores | R17: Raro | S17: =VLOOKUP(R:R,Probabilidad!$1:$1048576,2,0) -> 1 | T17: Insignificante | U17: =VLOOKUP(T:T,Impacto!$1:$1048576,2,0) -> 1 | V17: =VLOOKUP(W:W,'Valor Riesgo'!$1:$1048576,2,0) -> Riesgo Bajo | W17: =+S17+U17 -> 2 | X17: =V17 -> Riesgo Bajo | Y17: NO | Z17: Supervisor | AA17: Desde el inicio del proyecto hasta su culminación | AB17: Revisar constantemente que el consultor tenga vigente sus prestaciones vigentes | AC17: Semanal | AH17: Riesgos de la Naturaleza
A18: 15 | B18: General | C18: Externo | D18: Contratación | E18: Riesgos Operacionales | F18: Atrasos para inicio del contrato | G18: No firma del contrato por parte del Contratista | H18: Retraso en el proyecto al cual el contratista se encuentra vinculado | I18: Posible | J18: =VLOOKUP(I:I,[3]Probabilidad!$1:$1048576,2,0) -> 3 | K18: Menor | L18: =VLOOKUP(K:K,[3]Impacto!$1:$1048576,2,0) -> 2 | M18: =VLOOKUP(N:N,'[3]Valor Riesgo'!$1:$1048576,2,0) -> Riesgo Medio | N18: =+J18+L18 -> 5 | O18: =M18 -> Riesgo Medio | P18: Contratista | Q18: Se debe requerir al Contratista para la firma del contrato y expedición de la garantía requerida en el proceso, o tomar las acciones administrativas correspondientes | R18: Improbable | S18: =VLOOKUP(R:R,[3]Probabilidad!$1:$1048576,2,0) -> 2 | T18: Menor | U18: =VLOOKUP(T:T,[3]Impacto!$1:$1048576,2,0) -> 2 | V18: =VLOOKUP(W:W,'[3]Valor Riesgo'!$1:$1048576,2,0) -> Riesgo Bajo | W18: =+S18+U18 -> 4 | X18: =V18 -> Riesgo Bajo | Y18: Si | Z18: JBB - Oficina Asesora Jurídica | AA18: Una vez se identifique el riesgo hasta la firma del contrato | AB18: Verificación de las condiciones del contratista elegido para cumplir con sus obligaciones | AC18: Diario | AH18: Riesgos de la Naturaleza
A19: 16 | B19: General | C19: Interno | D19: Ejecución | E19: Riesgos Operacionales | F19: Seguimiento obligaciones contractuales | G19: Incumplimiento de las obligaciones contractuales | H19: Retraso en el proyecto al cual el contratista se encuentra vinculado | I19: Posible | J19: =VLOOKUP(I:I,[3]Probabilidad!$1:$1048576,2,0) -> 3 | K19: Menor | L19: =VLOOKUP(K:K,[3]Impacto!$1:$1048576,2,0) -> 2 | M19: =VLOOKUP(N:N,'[3]Valor Riesgo'!$1:$1048576,2,0) -> Riesgo Medio | N19: =+J19+L19 -> 5 | O19: =M19 -> Riesgo Medio | P19: Contratista | Q19: Revisión a los informes que presenta el contratista | R19: Posible | S19: =VLOOKUP(R:R,[3]Probabilidad!$1:$1048576,2,0) -> 3 | T19: Menor | U19: =VLOOKUP(T:T,[3]Impacto!$1:$1048576,2,0) -> 2 | V19: =VLOOKUP(W:W,'[3]Valor Riesgo'!$1:$1048576,2,0) -> Riesgo Medio | W19: =+S19+U19 -> 5 | X19: =V19 -> Riesgo Medio | Y19: NO | Z19: Supervisor del contrato | AA19: Una vez se identifique el riesgo hasta la finalización del riesgo | AB19: Comités periódicos conjuntos entre la supervisión del contrato y el consultor | AC19: Semanal | AH19: Riesgos de la Naturaleza
A20: 17 | B20: General | C20: Externo | D20: Ejecución | E20: Riesgos Operacionales | F20: Seguridad social contratista | G20: El contratista no presenta los pagos a la seguridad social de acuerdo a lo estipulado en el contrato y en la normatividad | H20: Entorpece el seguimiento a la ejecución de las actividades | I20: Posible | J20: =VLOOKUP(I:I,[3]Probabilidad!$1:$1048576,2,0) -> 3 | K20: Menor | L20: =VLOOKUP(K:K,[3]Impacto!$1:$1048576,2,0) -> 2 | M20: =VLOOKUP(N:N,'[3]Valor Riesgo'!$1:$1048576,2,0) -> Riesgo Medio | N20: =+J20+L20 -> 5 | O20: =M20 -> Riesgo Medio | P20: Contratista | Q20: Revisión de los informes y respectivos soportes de pago de seguridad social y otros a que este obligado el contratista | R20: Posible | S20: =VLOOKUP(R:R,[3]Probabilidad!$1:$1048576,2,0) -> 3 | T20: Menor | U20: =VLOOKUP(T:T,[3]Impacto!$1:$1048576,2,0) -> 2 | V20: =VLOOKUP(W:W,'[3]Valor Riesgo'!$1:$1048576,2,0) -> Riesgo Medio | W20: =+S20+U20 -> 5 | X20: =V20 -> Riesgo Medio | Y20: NO | Z20: Supervisor | AA20: Una vez se identifique el riesgo hasta la finalización del riesgo | AB20: Para la aprobación de los pagos, el Supervisor deberá revisar en los informes el cumplimiento del pago de seguridad social | AC20: Semanal | AH20: Riesgos de la Naturaleza
A21: 18 | B21: General | C21: Externo | D21: Selección | E21: Riesgos sociales o Políticos | F21: Amenazas externas y de orden publico | G21: Paros, huelgas, actos terroristas, estados de excepción | H21: Que los oferentes no presenten sus propuestas en los tiempos establecidos en el pliego de condiciones | I21: Improbable | J21: =VLOOKUP(I:I,[3]Probabilidad!$1:$1048576,2,0) -> 2 | K21: Menor | L21: =VLOOKUP(K:K,[3]Impacto!$1:$1048576,2,0) -> 2 | M21: =VLOOKUP(N:N,'[3]Valor Riesgo'!$1:$1048576,2,0) -> Riesgo Bajo | N21: =+J21+L21 -> 4 | O21: =M21 -> Riesgo Bajo | P21: Entidad | Q21: Tomar las medidas jurídicas de afectación de los tiempos de acuerdo a la ocurrencia del evento | R21: Raro | S21: =VLOOKUP(R:R,[3]Probabilidad!$1:$1048576,2,0) -> 1 | T21: Insignificante | U21: =VLOOKUP(T:T,[3]Impacto!$1:$1048576,2,0) -> 1 | V21: =VLOOKUP(W:W,'[3]Valor Riesgo'!$1:$1048576,2,0) -> Riesgo Bajo | W21: =+S21+U21 -> 2 | X21: =V21 -> Riesgo Bajo | Y21: NO | Z21: Oficina Asesora Jurídica | AA21: Inmediato | AB21: Análisis del sector | AC21: Una vez ocurrido el evento y en el tiempo de elaboración del análisis del sector | AH21: Riesgos de la Naturaleza
A22: 19 | B22: General | C22: Externo | D22: Ejecución | E22: Riesgos Operacionales | F22: Seguimiento a los procesos definidos en la contratación | G22: Existencia de inadecuados procesos, procedimientos, parámetros, sistemas de información y tecnológicos, equipos humanos | H22: Que los proponentes no cumplan durante la ejecución del contrato con lo establecido en el pliego de condiciones | I22: Probable | J22: 4 | K22: Moderado | L22: =VLOOKUP(K:K,[3]Impacto!$1:$1048576,2,0) -> 3 | M22: =VLOOKUP(N:N,'[3]Valor Riesgo'!$1:$1048576,2,0) -> Riesgo Alto | N22: =+J22+L22 -> 7 | O22: =M22 -> Riesgo Alto | P22: Entidad | Q22: Verificar en el análisis del mercado y de la oferta que existen proveedores para los servicios requeridos | R22: Improbable | S22: =VLOOKUP(R:R,[3]Probabilidad!$1:$1048576,2,0) -> 2 | T22: Insignificante | U22: =VLOOKUP(T:T,[3]Impacto!$1:$1048576,2,0) -> 1 | V22: =VLOOKUP(W:W,'[3]Valor Riesgo'!$1:$1048576,2,0) -> Riesgo Bajo | W22: =+S22+U22 -> 3 | X22: =V22 -> Riesgo Bajo | Y22: NO | Z22: Oficina Asesora de Planeación | AA22: Inmediato | AB22: Revisión y actualización de los procedimientos de consultoria | AC22: Periódico | AH22: Riesgos de la Naturaleza
A23: 20 | B23: General | C23: Interno | D23: Ejecución | E23: Riesgos Financieros | F23: Problemas con los pagos del contrato | G23: Puede ocurrir debido a falta de planeacion de pagos PAC | H23: Genera retraso en la ejecución de los trabajos | I23: Probable | J23: =VLOOKUP(I:I,[3]Probabilidad!$1:$1048576,2,0) -> 4 | K23: Menor | L23: =VLOOKUP(K:K,[3]Impacto!$1:$1048576,2,0) -> 2 | M23: =VLOOKUP(N:N,'[3]Valor Riesgo'!$1:$1048576,2,0) -> Riesgo Alto | N23: =+J23+L23 -> 6 | O23: =M23 -> Riesgo Alto | P23: JBB | Q23: Se debe establecer una programación acorde al desarrollo de los trabajos | R23: Posible | S23: =VLOOKUP(R:R,[3]Probabilidad!$1:$1048576,2,0) -> 3 | T23: Menor | U23: =VLOOKUP(T:T,[3]Impacto!$1:$1048576,2,0) -> 2 | V23: =VLOOKUP(W:W,'[3]Valor Riesgo'!$1:$1048576,2,0) -> Riesgo Medio | W23: =+S23+U23 -> 5 | X23: =V23 -> Riesgo Medio | Y23: Si | Z23: JBB | AA23: Desde el inicio del proyecto hasta su culminación | AB23: Coordinación y socialización con el área de tesoreria de la entidad | AC23: Mensual | AH23: Riesgos de la Naturaleza

Sheet Valoración del Riesgo 
A1: VALORACIÓN DEL RIESGO
A2: IMPACTO
A3: Calificación Cualitativa | D3: Obstruye la ejecución del contrato de manera intrascedente | E3: Dificulta la ejecución del Contrato de Manera Baja. Aplicando medidads minimas se puede lograr el objeto contractual | F3: Afecta la ejecución del contrato sin alterar el beneficio para las partes | G3: Obstruye la ejecución del contrato sustancialmente pero aun así permite la consecución del objeto contractual | H3: Perturba la ejecución del contrato de manera grave imposibilitando la consecución del objeto contractual.
A4: Calificación Monetaria | D4: Los sobrecostos no representan más del uno por ciento (1%) del valor del contrato | E4: Los sobrecostos no representan más del cinco por ciento (5%) del valor del contrato | F4: Genera un impacto sobre el valor del contrato entre el cinco por ciento (5%) y el quince por ciento ( 15%) | G4: Incrementa el valor del contrato entre el quince por ciento (15%) y el treinta por ciento (30%) | H4: Impacto sobre el valor del contrato en mas del treinta por ciento (30%)
A5: Categoria | C5: Valoración | D5: Insignificante | E5: Menor | F5: Moderado | G5: Mayor | H5: Catastrofico
D6: 1 | E6: 2 | F6: 3 | G6: 4 | H6: 5
A7: PROBABILIDAD | B7: Raro (Puede ocurrir excepcionalmente) | C7: 1 | D7: =+C7+$D$6 -> 2 | E7: =+C7+$E$6 -> 3 | F7: =+C7+$F$6 -> 4 | G7: =+C7+$G$6 -> 5 | H7: =+C7+$H$6 -> 6 | J7: Valoración del Riesgo | N7: Categoría
B8: Improbable (Puede ocurrir ocasionalmente) | C8: 2 | D8: =+C8+$D$6 -> 3 | E8: =+C8+$E$6 -> 4 | F8: =+C8+$F$6 -> 5 | G8: =+C8+$G$6 -> 6 | H8: =+C8+$H$6 -> 7 | J8: 8 | K8: 9 | L8: 10 | N8: Riesgo Extremo
B9: Posible (Puede ocurrir en cualquier momento futuro) | C9: 3 | D9: =+C9+$D$6 -> 4 | E9: =+C9+$E$6 -> 5 | F9: =+C9+$F$6 -> 6 | G9: =+C9+$G$6 -> 7 | H9: =+C9+$H$6 -> 8 | J9: 6 | L9: 7 | N9: Riesgo Alto
B10: Probable (Probablemente va a Ocurrir) | C10: 4 | D10: =+C10+$D$6 -> 5 | E10: =+C10+$E$6 -> 6 | F10: =+C10+$F$6 -> 7 | G10: =+C10+$G$6 -> 8 | H10: =+C10+$H$6 -> 9 | J10: 5 | N10: Riesgo Medio
B11: Casi cierto (Ocurre en la mayoria de las circunstancias) | C11: 5 | D11: =+C11+$D$6 -> 6 | E11: =+C11+$E$6 -> 7 | F11: =+C11+$F$6 -> 8 | G11: =+C11+$G$6 -> 9 | H11: =+C11+$H$6 -> 10 | J11: 2 | K11: 3 | L11: 4 | N11: Riesgo Bajo

Sheet Probabilidad
A1: Probabilidad | B1: Valoración
A3: Raro | B3: 1
A4: Improbable | B4: 2
A5: Posible | B5: 3
A6: Probable | B6: 4
A7: Casi cierto | B7: 5

Sheet Impacto
A1: Impacto | B1: Valoración
A3: Insignificante | B3: 1
A4: Menor | B4: 2
A5: Moderado | B5: 3
A6: Mayor | B6: 4
A7: Catastrofico | B7: 5

Sheet Valor Riesgo
A1: Valoracion del Riesgo | B1: Categoria
A2: 2 | B2: Riesgo Bajo
A3: 3 | B3: Riesgo Bajo
A4: 4 | B4: Riesgo Bajo
A5: 5 | B5: Riesgo Medio
A6: 6 | B6: Riesgo Alto
A7: 7 | B7: Riesgo Alto
A8: 8 | B8: Riesgo Extremo
A9: 9 | B9: Riesgo Extremo
A10: 10 | B10: Riesgo Extremo
